 Dungeon Crawl Stone Soup version 0.32-a0-953-g508020473e (webtiles) character file.

Game seed: 11781890763661941802

79529 zenocrate the Severer (level 15, 0/189 HPs)
             Began as a Mountain Dwarf Fighter on Apr 16, 2024.
             Was a High Priest of Okawaru.
             Slain by an orc warlord
             ... wielding a +0 demon blade
              (18 damage)
             ... in the Arena.
             The game lasted 00:26:40 (20036 turns).

zenocrate the Severer (Mountain Dwarf Fighter)     Turns: 20036, Time: 00:26:40

Health: 0/189      AC: 25    Str: 25    XL:     15   Next: 21%
Magic:  11/23      EV: 10    Int: 10    God:    Okawaru [*****.]
Gold:   1223       SH: 12    Dex:  9    Spells: 3/14 levels left

rFire   . . .        b - +2 broad axe (flame)
rCold   + . .        c - +2 buckler {rPois}
rNeg    . . .        g - +7 Kryia's mail coat {PotionHeal*2 rC+}
rPois   +            M - +0 helmet
rElec   .            m - +0 cloak
rCorr   .            (no gloves)
SInv    .            (no boots)
Will    ++...        Q - amulet of reflection Stlth
                     d - +4 ring of protection
HPRegen 0.51/turn    W - ring of willpower
MPRegen 0.18/turn

%: reflection
@: berserking, duelling, very quick
A: runic magic, artefact enchanting, iridescent scales 2
a: Renounce Religion, Heroism, Finesse, Duel


You were in the Arena.
You worshipped Okawaru.
Okawaru was extremely pleased with you.
You visited 5 branches of the dungeon, and saw 18 of its levels.
You also visited: Bailey and Volcano.

You collected 1223 gold pieces.

Inventory:

Hand Weapons
 a - a +3 demon whip of electrocution
 b - a +2 broad axe of flaming (weapon)
Missiles
 t - 5 javelins
 v - 12 boomerangs
 A - a curare-tipped dart (quivered)
 L - 3 silver javelins
 N - 5 throwing nets
Armour
 c - a +2 buckler of poison resistance (worn)
 g - the +7 Kryia's mail coat (worn) {PotionHeal*2 rC+}
   (You found it on level 1 of the Lair of Beasts)

   PotionHeal*2: Potions heal its wearer twice as much.
   rC+:       It protects you from cold.
 m - a +0 cloak (worn)
 M - a +0 helmet (worn)
Jewellery
 d - a +4 ring of protection (left hand)
 n - a ring of fire
 r - a ring of positive energy
 Q - an amulet of reflection (around neck)
 W - a ring of willpower (right hand)
Wands
 j - a wand of light (2)
 q - a wand of flame (54)
 D - a wand of paralysis (2)
 I - a wand of mindburst (4)
 O - a wand of iceblast (4)
 R - a wand of digging (4)
 T - a wand of polymorph (4)
Scrolls
 e - 4 scrolls of fog
 f - a scroll of immolation {unknown}
 h - a scroll of noise {unknown}
 i - 4 scrolls of teleportation
 l - a scroll of revelation
 s - 2 scrolls of silence
Potions
 k - 4 potions of curing
 o - 3 potions of attraction
 p - a potion of ambrosia
 u - a potion of invisibility
 w - a potion of resistance
 B - 5 potions of haste
 H - 3 potions of might
 J - a potion of magic
 U - a potion of brilliance
 X - 2 potions of mutation


   Skills:
 + Level 9.7 Fighting
 + Level 15.4(17.1) Axes
 + Level 12.2(15.5) Maces & Flails
 + Level 6.1 Throwing
 + Level 7.5 Armour
 + Level 6.1 Dodging
 + Level 7.4 Shields
 - Level 5.0 Translocations
 + Level 11.3 Invocations
 + Level 6.5 Evocations


You had 3 spell levels left.
You knew the following spells:

 Your Spells              Type           Power      Damage    Failure   Level
a - Passage of Golubria   Tloc           10%        N/A       56%         4
c - Lesser Beckoning      Tloc           20%        N/A       11%         2
d - Fugue of the Fallen   Necr           0%         N/A       85%         3
x - Blink                 Tloc           20%        N/A       11%         2

Your spell library contained the following spells:

 Spells                   Type           Power      Damage    Failure   Level
 Momentum Strike          Conj/Tloc      10%        3d8       28%         2
 Freeze                   Ice            0%         1d3       47%         1
 Sting                    Conj/Alch      0%         1d3       47%         1
 Volatile Blastmotes      Fire/Tloc      10%        2d10      50%         3
 Mercury Vapours          Alch/Air       0%         N/A       63%         2
 Frozen Ramparts          Ice            0%         1d1       85%         3
 Hailstorm                Conj/Ice       0%         3d5       85%         3
 Ozocubu's Armour         Ice            0%         N/A       85%         3
 Dimensional Bullseye     Hex/Tloc       2%         N/A       88%         4
 Iskenderun's Mystic Bla Conj/Tloc 5%             2d3        (+2d1     88%         4
 Vhi's Electric Charge    Tloc/Air       10%        N/A       88%         4
 Fulminant Prism          Conj/Alch      0%         3d5       99%         4
 Olgreb's Toxic Radiance  Alch           0%         N/A       99%         4
 Alistair's Intoxication  Alch           0%         N/A       100%        5
 Arcjolt                  Conj/Air       0%         1d10      100%        5
 Borgnjor's Vile Clutch   Necr/Erth      0%         N/A       100%        5
 Yara's Violent Unravell  Hex/Alch       0%         3d3       100%        5
 Eringya's Noxious Bog    Alch           0%         4d6       100%        6
 Plasma Beam              Fire/Air       0%         2x1d10    100%        6
 Manifold Assault         Tloc           5%         N/A       100%        7
 Tukima's Dance           Hex            Unusable   N/A       N/A         3

Dungeon Overview and Level Annotations

Branches:
Dungeon (10/15)            Temple (1/1) D:6            Lair (5/5) D:10
 Shoals (0/4) Lair:2       Spider (1/4) Lair:3        Slime (0/5) Lair:5
    Orc (1/2) D:9          Bailey (visited)         Volcano (visited)

Altars:
Ashenzari
Cheibriados
Dithmenos
Elyvilon
Fedhas
Gozag
Hepliaklqana
Kikubaaqudgha
Makhleb
Nemelex Xobeh
Okawaru
Qazlal
Ru
Sif Muna
Trog
Uskayaw
Vehumet
Wu Jian
Xom
Yredelemnul
Zin
The Shining One
Beogh
Jiyva

Portals:
Abyss: D:5

Annotations:
D:5 2 transporters, timneilson's ghost, amateur OpSh
Orc:1 Doorstop00's ghost, journeyman GrFi


Innate Abilities, Weirdness & Mutations

Your spellcasting is much less encumbered by armour.
You can use scrolls of enchantment on lesser artefacts.
You are mostly covered in iridescent scales. (AC +4)


Message History

The orc warlord hits you with a +0 demon blade!
You block the warg's attack.
You miss the warg.
The warg is almost dead.
You slash the orc warlord! You burn the orc warlord. The warg bites you.
The orc knight hits you from afar with the +2 halberd "Kitzo".
The orc knight burns you.
The orc knight roars a battlecry!
The orc warrior goes into a battle-frenzy!
The orc warlord hits you but does no damage.
Aiming: Duel (10% risk of failure)
Press: ? - help, Dir - move target, f - orc warlord
Aim: an orc warlord, wielding a +0 demon blade, wearing a +2 plate armour and wearing a +0 kite shield (lightly wounded, strong)
You enter into single combat with the orc warlord!
The world spins around you as you enter the gateway.
You enter Okawaru's Arena!
Found a gate leading back out of this place.
The spectator shouts! x6
The orc warlord hits you with a +0 demon blade!!
There is an empty arch of ancient stone, spattered with blood here.
You hit the orc warlord but do no damage.
The orc warlord is lightly wounded.
The orc warlord hits you with a +0 demon blade!!
* * * LOW HITPOINT WARNING * * *
Okay, then.
Aiming: Paralyse
Press: ? - help, Shift-Dir - straight line, f - orc warlord
Aim: an orc warlord, wielding a +0 demon blade, wearing a +2 plate armour and wearing a +0 kite shield (lightly wounded, strong, chance to affect: 29%)
Okay, then.
Okay, then.
Okay, then.
You can now deal lightning-fast blows.
The orc warlord hits you with a +0 demon blade!
* * * LOW HITPOINT WARNING * * *
Unknown command.
A red film seems to cover your vision as you go berserk!
Your finesse ends abruptly.
You feel yourself moving faster!
You feel mighty!
The orc warlord hits you with a +0 demon blade!!
You die...
Okawaru crowns the orc warlord victorious!

###############
#.p▓.p▓∩▓p.▓p.#
#▓▓▓▓▓▓▓▓▓▓▓▓▓#
#.......o.....#
#.ß....@....ß.#
#.............#
#▓▓▓▓▓▓▓▓▓▓▓▓▓#
#....pp▓pp....#
###############


You could see an orc warlord (strong).

Vanquished Creatures
  A fire dragon (Volcano)
  Erolcha (D:10)
  Harold (Lair:1)
  The ghost of hattop the Covert, a journeyman FeSu of Kikubaaqudgha (Lair:3)
  A merfolk avatar (Lair:5)
  A boulder beetle (Lair:2)
  A two-headed ogre (D:5)
  An orc high priest (Orc:1)
  A skyshark (Lair:5)
  2 sea snakes (Lair:5)
  The ghost of smashvw the Thaumaturge, a novice DjIE of Makhleb (D:6)
  An orc knight (Orc:1)
  5 lindwurms
  A harpy (Lair:5)
  An obsidian bat (Orc:1)
  Pikel (D:9)
  3 oklob plants (Lair:3)
  3 orc sorcerers (Orc:1)
  Maurice (D:7)
  A cyclops (D:6)
  4 elephants
  A manticore (Lair:5)
  A merfolk siren (Lair:2)
  Joseph (D:7)
  2 torpor snails
  4 black mambas
  A smoke demon (Volcano)
  15 cane toads
  Maggie (D:7)
  Jeremiah (D:7)
  4 rime drakes
  3 kobold demonologists
  9 komodo dragons
  A troll (D:9)
  2 wind drakes (Lair:5)
  2 polar bears
  2 hornets (Lair:5)
  16 blink frogs
  8 dream sheep
  Sigmund (D:5)
  A shadow (D:10)
  A culicivora (Lair:3)
  3 wyverns
  48 yaks
  Eustachio (D:5)
  Grum (D:9)
  A redback (Lair:3)
  8 steam dragons
  12 water moccasins
  Duvessa (D:7)
  An acid dragon (D:10)
  2 hell hounds (Volcano)
  6 ice beasts
  8 orc warriors
  2 black bears (D:6)
  An ogre (Orc:1)
  14 wolves
  3 centaurs
  3 phantoms
  10 kobold brigands
  Blork the orc (D:6)
  14 bullfrogs
  A gnoll sergeant (D:10)
  2 scorpions (D:6)
  9 wights
  Dowan (D:7)
  15 killer bees
  3 howler monkeys
  A bombardier beetle (D:7)
  6 orc priests
  3 hounds (D:6)
  2 gnoll boudas
  2 jellies
  Crazy Yiuf (D:5)
  3 iguanas (D:5)
  Natasha (twice) (D:2)
  11 orc wizards
  14 gnolls
  3 adders
  4 white imps (D:6)
  A howler monkey simulacrum (D:6)
  4 dart slugs
  29 orcs
  7 endoplasms
  6 giant cockroaches
  9 goblins
  5 hobgoblins
  8 jackals
  12 kobolds
  10 quokkas
  9 ball pythons
  4 bats
  7 frilled lizards
  7 rats
451 creatures vanquished.

Vanquished Creatures (others)
  An orc wizard (Orc:1)
1 creature vanquished.

Grand Total: 452 creatures vanquished

Notes
Turn   | Place    | Note
-------+----------+-------------------------------------------
     0 | D:1      | zenocrate the Mountain Dwarf Fighter began the quest for
                  | the Orb.
     0 | D:1      | Reached XP level 1. HP: 19/19 MP: 1/1
   100 | D:1      | Reached skill level 3 in Axes
   164 | D:1      | Reached XP level 2. HP: 26/26 MP: 2/2
   514 | D:1      | Reached XP level 3. HP: 33/33 MP: 3/3
   567 | D:1      | Reached skill level 4 in Axes
  1013 | D:2      | Noticed Natasha
  1022 | D:2      | Killed Natasha
  1023 | D:2      | Reached XP level 4. HP: 28/40 MP: 4/4
  1277 | D:2      | Noticed Natasha
  1293 | D:2      | Killed Natasha
  1354 | D:2      | Reached skill level 5 in Axes
  1798 | D:3      | Reached XP level 5. HP: 44/47 MP: 5/5
  1884 | D:3      | Found an iron altar of Okawaru.
  1912 | D:3      | Became a worshipper of Warmaster Okawaru
  2146 | D:3      | Found a sacrificial altar of Ru.
  2593 | D:4      | Reached skill level 1 in Invocations
  2813 | D:4      | Found a bloodstained altar of Trog.
  2954 | D:5      | Entered Level 5 of the Dungeon
  3189 | D:5      | Reached XP level 6. HP: 50/55 MP: 7/7
  3227 | D:5      | Noticed Sigmund
  3237 | D:5      | Reached skill level 6 in Axes
  3238 | D:5      | Killed Sigmund
  3305 | D:5      | Noticed a two-headed ogre
  3326 | D:5      | Gained mutation: Your muscles are strong. (Str +4, Int/Dex
                  | -1) [potion of mutation]
  3326 | D:5      | Gained mutation: You have an increased reservoir of magic.
                  | (+10% MP) [potion of mutation]
  3326 | D:5      | Gained mutation: You sometimes lose your temper in combat.
                  | [potion of mutation]
  3329 | D:5      | HP: 2/55 [two-headed ogre/+0 giant club (7)]
  3717 | D:5      | Found a glowing silver altar of Zin.
  3735 | D:5      | Reached * piety under Okawaru
  3736 | D:5      | Reached XP level 7. HP: 43/60 MP: 11/11
  3832 | D:5      | Learned a level 4 spell: Passage of Golubria
  3840 | D:5      | Noticed Eustachio
  3853 | D:5      | Killed Eustachio
  3854 | D:5      | Reached skill level 7 in Axes
  3854 | D:5      | Reached skill level 5 in Invocations
  4010 | D:5      | Found a one-way gate to the infinite horrors of the Abyss.
  4021 | D:5      | Found a transporter.
  4033 | D:5      | Noticed timneilson's ghost (amateur OpSh)
  4035 | D:5      | Noticed a small abomination
  4044 | D:5      | Killed a two-headed ogre
  4044 | D:5      | Reached ** piety under Okawaru
  4045 | D:5      | Reached skill level 10 in Axes
  4045 | D:5      | Reached XP level 8. HP: 25/67 MP: 10/13
  4295 | D:5      | Found a transporter.
  4604 | D:5      | Found a runed translucent door.
  4605 | D:5      | Noticed Crazy Yiuf
  4614 | D:5      | Killed Crazy Yiuf
  4665 | D:5      | Reached skill level 1 in Dodging
  4666 | D:5      | Reached *** piety under Okawaru
  4762 | D:6      | Reached skill level 11 in Axes
  4800 | D:6      | Noticed Blork the orc
  4811 | D:6      | Killed Blork the orc
  4814 | D:6      | Reached XP level 9. HP: 43/73 MP: 14/14
  4947 | D:6      | Found a runed translucent gate.
  4947 | D:6      | Found a runed translucent gate.
  4947 | D:6      | Found a runed translucent gate.
  4960 | D:6      | Reached **** piety under Okawaru
  5241 | D:6      | Noticed a cyclops
  5252 | D:6      | Killed a cyclops
  5253 | D:6      | Reached skill level 12 in Axes
  5390 | D:6      | Found a staircase to the Ecumenical Temple.
  5538 | D:6      | Noticed smashvw's ghost (novice DjIE)
  5611 | Temple   | Entered the Ecumenical Temple
  5767 | D:6      | Killed smashvw's ghost
  5768 | D:6      | Reached skill level 13 in Axes
  5768 | D:6      | Reached skill level 5 in Dodging
  5843 | D:6      | Learned a level 2 spell: Blink
  5846 | D:6      | Learned a level 2 spell: Lesser Beckoning
  5995 | D:7      | Noticed Joseph
  6010 | D:7      | Killed Joseph
  6011 | D:7      | Reached XP level 10. HP: 80/80 MP: 15/15
  6653 | D:7      | Noticed Dowan
  6653 | D:7      | Noticed Duvessa
  6663 | D:7      | Killed Dowan
  6663 | D:7      | Reached ***** piety under Okawaru
  6673 | D:7      | Killed Duvessa
  6778 | D:7      | Found a hazy altar of Hepliaklqana.
  6824 | D:7      | Noticed Maurice
  6830 | D:7      | Maurice stole 272 gold
  6857 | D:7      | Killed Maurice
  6858 | D:7      | Reached skill level 14 in Axes
  7527 | D:7      | Reached skill level 5 in Fighting
  7536 | D:7      | Noticed Maggie
  7556 | D:7      | Killed Maggie
  7854 | D:7      | Noticed Jeremiah
  7869 | D:7      | Killed Jeremiah
  8258 | D:8      | Found a sparkling altar of Nemelex Xobeh.
  8261 | D:8      | Found a shadowy altar of Dithmenos.
  8289 | D:8      | Found a flagged portal.
  8352 | Bailey   | Entered a bailey
  8404 | Bailey   | Reached skill level 15 in Axes
  8601 | Bailey   | Reached skill level 1 in Throwing
  8805 | Bailey   | Found a bloodstained altar of Trog.
  8930 | D:8      | Reached skill level 1 in Maces & Flails
  8930 | D:8      | Reached XP level 11. HP: 57/89 MP: 12/18
  9208 | D:8      | Found a radiant altar of Vehumet.
  9288 | D:8      | Found an opulent altar of Gozag.
  9914 | D:9      | Identified the +4 war axe "Ocobunym" {protect, *Corrode
                  | rElec Str+3}
 10204 | D:9      | Noticed Pikel
 10216 | D:9      | Killed Pikel
 10217 | D:9      | Reached skill level 1 in Translocations
 10264 | D:9      | Noticed Grum
 10289 | D:9      | Reached skill level 5 in Maces & Flails
 10291 | D:9      | Killed Grum
 10439 | D:9      | Found a staircase to the Orcish Mines.
 10713 | D:10     | Entered Level 10 of the Dungeon
 10760 | D:10     | Noticed Erolcha
 10795 | D:10     | Killed Erolcha
 11244 | D:10     | Found a staircase to the Lair.
 11247 | D:10     | Received a gift from Okawaru
 11987 | Lair:1   | Entered Level 1 of the Lair of Beasts
 11987 | Lair:1   | Noticed Harold
 11998 | Lair:1   | Killed Harold
 12007 | Lair:1   | Identified the +1 leather armour "Zedi" {^Contam Dex+3
                  | Stlth+}
 12094 | Lair:1   | Reached skill level 5 in Translocations
 12094 | Lair:1   | Reached XP level 12. HP: 33/96 MP: 19/19
 12444 | Lair:1   | Reached skill level 1 in Evocations
 12829 | Lair:1   | Found the +7 Kryia's mail coat {PotionHeal*2 rC+}
 13014 | Lair:1   | Received a gift from Okawaru
 13465 | Lair:2   | Noticed a boulder beetle
 13502 | Lair:2   | Killed a boulder beetle
 13503 | Lair:2   | Reached skill level 10 in Maces & Flails
 13804 | Lair:2   | Found a staircase to the Shoals.
 13811 | Lair:2   | Reached skill level 5 in Armour
 13833 | Lair:2   | Received a gift from Okawaru
 13845 | Lair:2   | Reached skill level 5 in Shields
 14007 | Lair:2   | Learned a level 3 spell: Fugue of the Fallen
 14406 | Lair:3   | Noticed hattop's ghost (journeyman FeSu)
 14461 | Lair:3   | Lost mutation: Your muscles are strong. (Str +4, Int/Dex
                  | -1) [potion of mutation]
 14461 | Lair:3   | Lost mutation: You sometimes lose your temper in combat.
                  | [potion of mutation]
 14461 | Lair:3   | Lost mutation: You have an increased reservoir of magic.
                  | (+10% MP) [potion of mutation]
 14461 | Lair:3   | Gained mutation: You are weak. (Str -2) [potion of
                  | mutation]
 14461 | Lair:3   | Lost mutation: You are weak. (Str -2) [potion of mutation]
 14461 | Lair:3   | Gained mutation: You are partially covered in iridescent
                  | scales. (AC +2) [potion of mutation]
 14461 | Lair:3   | Gained mutation: You are mostly covered in iridescent
                  | scales. (AC +4) [potion of mutation]
 14505 | Lair:3   | Found a dark tunnel.
 14510 | Volcano  | Entered a volcano
 14587 | Volcano  | Reached XP level 13. HP: 105/105 MP: 20/20
 14801 | Volcano  | Noticed a fire dragon
 14813 | Volcano  | Killed a fire dragon
 15088 | Lair:3   | Received a gift from Okawaru
 15370 | Lair:3   | Identified the +10 dagger of the Bouncing Spirits {flame,
                  | Dex+6}
 15490 | Lair:3   | Found a blossoming altar of Fedhas.
 15697 | Lair:3   | Found a runed translucent door.
 15798 | Lair:3   | Reached ****** piety under Okawaru
 15889 | Lair:3   | Acquired a +1 heavy broad axe
 15889 | Lair:3   | Received a gift from Okawaru
 15891 | Lair:3   | Acquired the +0 kite shield "Awodghy" {+Inv Regen+ rCorr}
 15891 | Lair:3   | Received a gift from Okawaru
 16359 | Lair:3   | Found a hole to the Spider Nest.
 16675 | Lair:3   | Killed hattop's ghost
 16676 | Lair:3   | Reached skill level 5 in Throwing
 16676 | Lair:3   | Reached skill level 10 in Invocations
 16891 | Spider:1 | Entered Level 1 of the Spider Nest
 17302 | Lair:4   | Received a gift from Okawaru
 17303 | Lair:4   | Reached skill level 5 in Evocations
 17562 | Lair:5   | Entered Level 5 of the Lair of Beasts
 17911 | Lair:5   | Received a gift from Okawaru
 18226 | Lair:5   | Reached XP level 14. HP: 39/118 MP: 20/22
 18591 | Lair:5   | Found a staircase to the Slime Pits.
 18592 | Lair:5   | Found a viscous altar of Jiyva.
 18801 | Lair:5   | Identified the +1 rapier of the Hall of Blades {holy, Fly
                  | Str+4}
 19044 | Lair:5   | Received a gift from Okawaru
 19401 | Lair:5   | Reached XP level 15. HP: 126/126 MP: 23/23
 19630 | Orc:1    | Entered Level 1 of the Orcish Mines
 19871 | Orc:1    | Found a runed translucent gate.
 19871 | Orc:1    | Noticed Doorstop00's ghost (journeyman GrFi)
 19895 | Orc:1    | Found a runed translucent gate.
 19896 | Orc:1    | Found a runed translucent gate.
 19899 | Orc:1    | Identified the +2 halberd "Kitzo" {flame, rElec rF++ rC-
                  | SInv}
 20010 | Orc:1    | Found a roughly hewn altar of Beogh.
 20033 | Arena    | Entered the Arena
 20036 | Arena    | Slain by an orc warlord

Illustrated notes

Levels and vault maps discovered:
D:1:      dpeg_arrival_boxorama, layout_basic
D:2:      layout_loops_corners, minmay_lizard_king, uniq_natasha
D:3:      layout_loops_ring, nicolae_ru_awakened_eye,
          mainiacjoe_overflow_concentric_impassable, grunt_ministairs_14,
          wander_ebering_terrifying_dragon_lair
D:4:      layout_cave_pools, mainiacjoe_overflow_24_doors, serial_column_ruins,
          column_ruins_corridor_T, column_ruins_open_tiny,
          column_ruins_open_tiny, column_ruins_grid_3,
          column_ruins_columns_dead_end
D:5:      layout_loops_ring, mainiacjoe_overflow_chevrons,
          gammafunk_ghost_abyssal_escape, uniq_sigmund, uniq_crazy_yiuf_cottage,
          uniq_eustachio
D:6:      layout_cave_pools, minmay_temple_entry_enclosed_plants,
          gammafunk_ghost_icy, uniq_blork_the_orc
D:7:      minmay_evil_eye, layout_loops_corners, mainiacjoe_overflow_paths,
          chequers_serial_rivers_marsh, uniq_duvessa, uniq_maggie, uniq_joseph,
          uniq_maurice, uniq_jeremiah
D:8:      layout_basic, vehumet_altar_wand_db, grunt_temple_overflow_open,
          nicolae_gozag_cash_rules_everything_around_me, enter_bailey_2,
          chequers_serial_rivers_small_b
D:9:      layout_roguey, hangedman_abyss_or_decor_jellyfish_corner,
          kennysheep_generic_room_16, uniq_grum, uniq_pikel
D:10:     layout_basic, erik_lair_orcish_takeover, minivault_23, uniq_erolcha
Temple:   hellmonk_temple_forest_ring
Lair:1:   layout_gridlike, grunt_megastairs_3, serial_bayou_shore_b, uniq_harold
Lair:2:   layout_chaotic_city, minmay_shoals_entry_lonely_mermaid
Lair:3:   layout_regular_city, spider_nest_entry_funnel_web, enter_volcano_4,
          ebering_ghost_reflecting_pool, hangedman_tree_tricks,
          minmay_lair_oklob_bushes
Lair:4:   layout_hall_layers, serial_bayou_pond_d
Lair:5:   gammafunk_lair_ancient_temple, layout_small_grid, slime_entry_1
Spider:1: nicolae_spider_broodchamber
Orc:1:    layout_caves, biasface_ghost_orc_armoury
Arena

Skill      XL: |  1  2  3  4  5  6  7  8  9 10 11 12 13 14 |
---------------+-------------------------------------------+-----
Axes           | 3 4 5 6 10 11 13 15 | 15.4
Fighting       | 4 6 7 9 |  9.7
Invocations    | 2 4 5 8 9 10 11 | 11.3
Dodging        | 2 5 6 |  6.1
Throwing       | 1 3 4 5 6 |  6.1
Maces & Flails | 1 8 10 11 12 | 12.2
Translocations | 5 |  5.0
Evocations     | 3 5 6 |  6.5
Armour         | 5 6 7 |  7.5
Shields        | 5 6 7 |  7.4

Action                     |  1- 3 |  4- 6 |  7- 9 | 10-12 | 13-15 || total
---------------------------+-------+-------+-------+-------+-------++-------
  Melee: War axe           |   122 |   184 |   174 |   227 |       ||   707
         Demon whip        |       |       |       |   625 |   334 ||   959
         Broad axe         |       |       |       |       |   184 ||   184
  Throw: Throwing net      |       |     2 |     1 |       |       ||     3
         Boomerang         |       |       |       |     3 |    17 ||    20
         Dart              |       |       |       |       |     2 ||     2
 Invoke: Heroism           |       |       |     6 |    12 |     5 ||    23
         Finesse           |       |       |     1 |     3 |     3 ||     7
         Receive Weapon    |       |       |       |       |     1 ||     1
         Receive Armour    |       |       |       |       |     1 ||     1
         Duel              |       |       |       |       |     1 ||     1
  Evoke: Wand              |       |       |       |    10 |     8 ||    18
    Use: Scroll            |     3 |     2 |     2 |    12 |     6 ||    25
         Potion            |       |     5 |       |     6 |     4 ||    15
   Stab: Held in net/web   |       |       |     1 |       |       ||     1
         Invisible         |       |       |       |     1 |       ||     1
         Paralysed         |       |       |       |     4 |     2 ||     6
 Armour: Scale mail        |    42 |       |       |   172 |   270 ||   484
         Plate armour      |   105 |   174 |   145 |   125 |       ||   549
         Acid dragon scale |       |       |       |    54 |       ||    54
         Ring mail         |       |       |       |    96 |       ||    96
  Dodge: Dodged            |    38 |    41 |    42 |   270 |   161 ||   552
  Block: Buckler           |    34 |    36 |    26 |   141 |   199 ||   436

Table legend: (Time is in decaauts)
 A = Elapsed time spent in this place.
 B = Non-inter-level travel time spent in this place.
 C = Inter-level travel time spent in this place.
 D = Time resting spent in this place.
 E = Time spent auto-exploring this place.
 F = Levels seen in this place.
 G = Mean time per level.
                   A        B        C        D        E       F      G
               +--------+--------+--------+--------+--------+-----+--------+
         Total |  19801 |  19033 |    768 |   1086 |  14431 |  21 |  942.9 |
       Dungeon |  11485 |  11100 |    385 |    684 |   8417 |  10 | 1148.5 |
        Temple |      1 |      1 |      0 |      0 |      0 |   1 |    1.0 |
          Lair |   6981 |   6600 |    381 |    402 |   5038 |   5 | 1396.2 |
   Spider Nest |      1 |      1 |      0 |      0 |      0 |   1 |    1.0 |
  Orcish Mines |    377 |    377 |      0 |      0 |    318 |   1 |  377.0 |
        Bailey |    523 |    523 |      0 |      0 |    406 |   1 |  523.0 |
       Volcano |    428 |    428 |      0 |      0 |    252 |   1 |  428.0 |
         Arena |      2 |      2 |      0 |      0 |      0 |   1 |    2.0 |
               +--------+--------+--------+--------+--------+-----+--------+

Top non-repeatable levels by time:
     D:7: 2294 daAuts
  Lair:3: 2041 daAuts
  Lair:5: 1843 daAuts
  Lair:1: 1472 daAuts
     D:5: 1464 daAuts
    D:10: 1262 daAuts
     D:9: 1149 daAuts
     D:6: 1124 daAuts
     D:2: 1029 daAuts
  Lair:2: 1003 daAuts
     D:4: 850 daAuts
     D:8: 822 daAuts
     D:1: 818 daAuts
     D:3: 669 daAuts
  Lair:4: 619 daAuts
